 Dungeon Crawl Stone Soup version 0.17.2-1-ge4368a0 (webtiles) character file.

54559 Goblin1989 the Fighter (level 14, -11/107 HPs)
             Began as a Demonspawn Gladiator on July 29, 2016.
             Was an Initiate of Gozag.
             Mangled by a komodo dragon (16 damage)
             ... on level 8 of the Lair of Beasts on Aug 2, 2016.
             The game lasted 01:07:42 (21602 turns).

Goblin1989 the Fighter (Demonspawn Gladiator)      Turns: 21602, Time: 01:07:42

Health: -11/107    AC: 24    Str: 19    XL:     14   Next: 35%
Magic:  12/12      EV: 16    Int:  9    God:    Gozag
Gold:   3483       SH:  0    Dex: 18    Spells: 1 memorised, 8 levels left

rFire  + + .     SeeInvis +     N - +2 war axe (flame)
rCold  . . .     Clarity  .     F - +2 plate armour {rPois}
rNeg   + . .     SustAt   .     (no shield)
rPois  +         Gourm    .     U - +0 mask of the Dragon {MR+ Slay+3 SInv}
rElec  .         Spirit   .     (no cloak)
rCorr  +         Warding  .     O - +3 pair of gauntlets of War {Slay+5}
rMut   .         Stasis   .     y - +0 pair of boots
MR     ++...                    o - amulet of resist corrosion
Stlth  ..........               (no ring)
                                (no ring)

@: slowed, repel missiles, very slow, very resistant to hostile enchantments,
extremely unstealthy
A: claws 2, repulsion field 3, agile 1, demonic guardian 2, fire resistance 2,
frail 1, low mp 1, negative energy resistance 1, powered by death 1, shaggy fur
1, spit poison 1
a: Spit Poison, Potion Petition, Call Merchant, Bribe Branch, Renounce Religion


You were on level 8 of the Lair of Beasts.
You worshipped Gozag.
Gozag was noncommittal.
You were very full.

You visited 3 branches of the dungeon, and saw 23 of its levels.
You also visited: Labyrinth, Ice Cave and Volcano.

You collected 7207 gold pieces.
You spent 1883 gold pieces at shops.
You paid 1841 gold pieces to Gozag.

Inventory:

Hand Weapons
 a - a +7 war axe of freezing
 N - a +2 war axe of flaming (weapon)
Missiles
 d - 5 throwing nets (quivered)
Armour
 y - a +0 pair of boots (worn)
 F - a +2 plate armour of poison resistance (worn)
 O - the +3 pair of gauntlets of War (worn) {Slay+5}
   (You found it in a labyrinth)

   It affects your accuracy and damage with ranged weapons and melee attacks
   (+5).
 U - the +0 mask of the Dragon (worn) {MR+ Slay+3 SInv}
   (You bought it in a shop on level 4 of the Orcish Mines)

   It affects your accuracy and damage with ranged weapons and melee attacks
   (+3).
   It affects your resistance to hostile enchantments.
   It lets you see invisible.
Jewellery
 o - an amulet of resist corrosion (around neck)
Wands
 j - a wand of teleportation (5)
 G - a wand of disintegration (24)
 K - a wand of confusion (23)
 L - a wand of lightning (13)
Scrolls
 h - a scroll of magic mapping
 i - 4 scrolls of immolation
 n - 6 scrolls of teleportation
 p - 13 scrolls of remove curse
 v - 2 scrolls of recharging
 A - a scroll of holy word {unknown}
 E - a scroll of fog
 I - 2 scrolls of blinking {unknown}
 R - a scroll of fear
Potions
 b - 2 potions of flight
 f - 2 potions of cancellation
 g - a potion of magic
 k - a potion of berserk rage
 l - 5 potions of heal wounds
 m - 6 potions of curing
 r - a potion of resistance
 s - a potion of cure mutation
 B - 2 potions of haste
 C - 2 potions of agility
 D - 3 potions of brilliance
 S - a potion of ambrosia
Miscellaneous
 q - a box of beasts
Comestibles
 e - 9 bread rations
 u - 11 beef jerkies
 x - 17 fruits
 Q - 6 meat rations
 T - a slice of pizza


   Skills:
 * Level 13.8 Fighting
 - Level 11.6 Axes
 - Level 1.7 Throwing
 * Level 11.6 Armour
 - Level 10.0 Dodging
 + Level 5.2 Unarmed Combat


You had 8 spell levels left.
You knew the following spells:

 Your Spells              Type           Power        Failure   Level  Hunger
a - Aura of Abjuration    Summ           #.........   100%        5    ######.


Dungeon Overview and Level Annotations

Branches:
Dungeon (11/15)            Temple (0/1) D:7            Lair (8/8) D:11
 Shoals (0/4) Lair:4       Spider (0/4) Lair:3        Slime (0/6) Lair:7
    Orc (4/4) D:10            Elf (0/3) Orc:3

Altars:
Fedhas
Gozag
Sif Muna
Vehumet
Beogh

Shops:
D:7 !   D:8 (   D:10 }   Orc:4 [[(*:

Annotations:
D:8 exclusion: door
D:10 exclusion: orange crystal statue
Lair:3 exclusion: ice statue


Innate Abilities, Weirdness & Mutations

You have very sharp fingernails.
You are surrounded by a strong repulsion field (EV +4, rMsl).
A demonic guardian rushes to your aid.
You resist negative energy.
You regenerate a little health from kills.
You are agile. (Dex +2)
Your flesh is very heat resistant.
You are frail (-10% HP).
Your magical capacity is low (-10% MP).
You are covered in fur (AC +1).
You can spit weak poison.


Message History

The three-headed hydra misses you. The three-headed hydra bites you!
* * * LOW HITPOINT WARNING * * *
The torpor snail bites you but does no damage.
The komodo dragon barely misses you.
The three-headed hydra bites you but does no damage. x2
The three-headed hydra misses you.
You take 4 damage, and have 10/107 hp.
You slice one of the three-headed hydra's heads off!
The flame cauterises the wound!
You slash the two-headed hydra! You burn the two-headed hydra.
The two-headed hydra is almost dead.
You hit the torpor snail. You burn the torpor snail.
The torpor snail is moderately wounded.
You completely miss the komodo dragon.
The komodo dragon is moderately wounded.
The torpor snail bites you.
* * * LOW HITPOINT WARNING * * *
The komodo dragon bites you!
You die...
Your body crumbles into a pile of gold.

.............P...................
............PP...................
.............#P..................
..............PP.................
......................P..........
.............................#...
....#............................
..................#...........D..
....##.P........@###.............
....###PPP.....Dwl#P.............
....#..PP........##..............
..................#..............
.................#.............P.
......♣♣♣♣.......................
....♣♣♣ ♣♣♣........♣.♣♣♣....♣♣..
...♣♣ ♣♣♣.$♣♣♣♣♣♣♣ ♣...♣♣♣♣♣ ...♣
♣♣.♣♣ ♣♣♣♣♣


You could see a two-headed hydra, a torpor snail and a komodo dragon.

Vanquished Creatures
  Saint Roka (Orc:4)
  An orc warlord (Orc:4)
  Snorg (Orc:1)
  A hydra (Lair:3)
  5 death yaks (Lair:8)
  An orc high priest (Orc:4)
  2 ice devils (IceCv)
  An orc knight (Orc:4)
  An orc sorcerer (Orc:4)
  2 griffons
  3 black mambas
  12 spiny frogs
  2 toenail golems (Volcano)
  3 torpor snails
  6 elephants
  An ice statue (IceCv)
  3 komodo dragons
  2 polar bears (Lair:3)
  4 blue devils (IceCv)
  4 fire drakes
  A two-headed ogre (D:9)
  4 trolls
  11 blink frogs
  A wraith (D:11)
  6 humans (Volcano)
  17 yaks
  A hungry ghost (D:10)
  4 basilisks
  9 hippogriffs
  5 wargs
  Menkaure (D:5)
  15 water moccasins
  10 porcupines
  Duvessa (D:5)
  2 ice beasts (Lair:3)
  20 orc warriors
  7 ogres
  A sky beast (D:6)
  10 crocodiles
  A necrophage (D:9)
  2 centaurs
  Dowan (D:5)
  20 giant frogs
  2 earth elementals (Lab)
  7 scorpions
  24 orc priests
  5 crimson imps
  A draconian simulacrum (IceCv)
  A jelly (D:9)
  3 hounds
  2 centaur skeletons
  5 iguanas
  21 orc wizards
  4 worker ants
  5 troll simulacra (IceCv)
  A centaur simulacrum (IceCv)
  16 sheep
  A hound skeleton (D:5)
  A worker ant zombie (D:9)
  5 adders
  2 naga simulacra (IceCv)
  An ogre simulacrum (IceCv)
  A shadow imp (D:5)
  28 river rats
  2 white imps (Lair:3)
  An ooze (D:2)
  2 worms
  3 adder skeletons (D:7)
  4 giant geckos
  125 orcs
  4 giant cockroaches
  8 goblins
  4 hobgoblins
  5 jackals
  5 kobolds
  3 ball pythons
  6 bats
  4 giant newts
  5 quokkas
  A quokka zombie (D:9)
  2 rats (D:2)
  4 fungi
530 creatures vanquished.

Vanquished Creatures (collateral kills)
  The ghost of nublet the Grappler, a journeyman DrTm of Makhleb (Lair:3)
  A minotaur (Lab)
  A hydra (Lair:4)
  Erolcha (D:8)
  4 death yaks (Lair:8)
  Nergalle (Orc:4)
  A spriggan (Lair:6)
  An ice devil (IceCv)
  A necromancer (IceCv)
  A hill giant (D:10)
  2 orc knights (Orc:4)
  A griffon (Lair:4)
  The ghost of pedritolo the Nimble, a novice SpEn of Ashenzari (IceCv)
  The ghost of pedritolo the Nimble, a novice SpEn of Ashenzari (IceCv)
  An elephant (Lair:8)
  A toenail golem (Volcano)
  An ice statue (IceCv)
  3 spiny frogs
  Psyche (D:8)
  A gargoyle (Lab)
  A freezing wraith (Lair:3)
  2 komodo dragons
  A fire drake (Lair:8)
  A blue devil (IceCv)
  2 polar bears (Lair:3)
  Prince Ribbit (D:8)
  6 blink frogs
  11 yaks
  A hippogriff (D:10)
  A hungry ghost (Lab)
  2 water moccasins
  A wasp (Lair:6)
  9 orc warriors
  A phantom (D:6)
  4 ice beasts
  2 ogres (Orc:4)
  A giant frog (Lair:4)
  2 orc priests (Orc:4)
  2 orc wizards (Orc:4)
  4 sheep (Lair:5)
  A white imp (Lair:3)
  10 orcs
  A giant newt (D:3)
  A rat (D:3)
94 creatures vanquished.

Vanquished Creatures (others)
  A fungus (Lair:1)
  2 plants
3 creatures vanquished.

Grand Total: 627 creatures vanquished

Notes
Turn   | Place    | Note
--------------------------------------------------------------
     0 | D:1      | Goblin1989 the Demonspawn Gladiator began the quest for the Orb.
     0 | D:1      | Reached XP level 1. HP: 16/16 MP: 1/1
   473 | D:1      | Reached skill level 3 in Axes
   643 | D:2      | Gained mutation: A weak demonic guardian rushes to your aid. [demonic ancestry]
   643 | D:2      | Reached XP level 2. HP: 1/22 MP: 2/2
  1618 | D:2      | Reached XP level 3. HP: 24/27 MP: 3/3
  1867 | D:3      | Reached skill level 4 in Axes
  2110 | D:3      | Gained mutation: You are surrounded by a mild repulsion field (EV +2). [demonic ancestry]
  2110 | D:3      | Reached XP level 4. HP: 28/33 MP: 4/4
  2183 | D:3      | Found a faded altar to an unknown god.
  3239 | D:4      | Reached skill level 5 in Axes
  3271 | D:4      | Noticed an ogre
  3279 | D:4      | Killed an ogre
  3279 | D:4      | Gained mutation: You regenerate a little health from kills. [demonic ancestry]
  3279 | D:4      | Reached XP level 5. HP: 38/38 MP: 5/5
  3493 | D:4      | Noticed a slave
  3493 | D:4      | Noticed a slave
  3497 | D:4      | Gained mutation: You are frail (-10% HP). [potion of mutation]
  3497 | D:4      | Gained mutation: You can spit weak poison. [potion of mutation]
  3497 | D:4      | Gained mutation: You possess an exceptional clarity of mind. [potion of mutation]
  3535 | D:5      | Entered Level 5 of the Dungeon
  3635 | D:5      | Noticed Duvessa
  3635 | D:5      | Noticed Dowan
  3636 | D:5      | Gained mutation: Your flesh is heat resistant. [potion of mutation]
  3636 | D:5      | Gained mutation: You are agile. (Dex +2) [potion of mutation]
  3636 | D:5      | Gained mutation: Your magical capacity is low (-10% MP). [potion of mutation]
  3660 | D:5      | Killed Duvessa
  3660 | D:5      | Reached skill level 6 in Axes
  3660 | D:5      | Reached XP level 6. HP: 17/39 MP: 5/5
  3677 | D:5      | Killed Dowan
  3677 | D:5      | Reached skill level 7 in Axes
  3803 | D:5      | Noticed Menkaure
  3830 | D:5      | Killed Menkaure
  3830 | D:5      | Gained mutation: A demonic guardian rushes to your aid. [demonic ancestry]
  3830 | D:5      | Reached XP level 7. HP: 28/45 MP: 6/6
  4093 | D:5      | Noticed an ice beast
  4099 | D:5      | Killed an ice beast
  4173 | D:5      | Lost mutation: You possess an exceptional clarity of mind. [potion of mutation]
  4247 | D:6      | Reached skill level 8 in Axes
  4288 | D:6      | Found an opulent altar of Gozag.
  4289 | D:6      | Found a blossoming altar of Fedhas.
  4297 | D:6      | Became a worshipper of Gozag Ym Sagoz the Greedy
  4489 | D:6      | Reached XP level 8. HP: 42/50 MP: 7/7
  4499 | D:6      | Reached skill level 9 in Axes
  4707 | D:7      | Found Jaheedo's Distillery.
  4713 | D:7      | Bought a potion of haste for 150 gold pieces
  4713 | D:7      | Bought 2 potions of agility for 120 gold pieces
  4713 | D:7      | Bought a potion of brilliance for 60 gold pieces
  4713 | D:7      | Bought a potion of poison for 15 gold pieces
  5253 | D:7      | Found a staircase to the Ecumenical Temple.
  5354 | D:8      | Found a deep blue altar of Sif Muna.
  5405 | D:8      | Found a radiant altar of Vehumet.
  5416 | D:8      | Reached skill level 10 in Axes
  5458 | D:8      | Learned a level 5 spell: Aura of Abjuration
  5461 | D:8      | Noticed Psyche
  5469 | D:8      | Killed Psyche
  5718 | D:8      | Noticed Erolcha
  5724 | D:8      | Killed Erolcha
  5724 | D:8      | Reached skill level 11 in Axes
  5724 | D:8      | Gained mutation: You have sharp fingernails. [demonic ancestry]
  5724 | D:8      | Reached XP level 9. HP: 37/54 MP: 8/8
  5804 | D:8      | Found Fuont's Weapon Shop.
  5804 | D:8      | Noticed Prince Ribbit
  5811 | D:8      | Killed Prince Ribbit
  5942 | D:9      | You fall through a shaft!
  5942 | D:10     | Entered Level 10 of the Dungeon
  5960 | D:10     | Found Kalokint's Gadget Emporium.
  6102 | D:10     | Noticed an orange crystal statue
  6374 | D:10     | Found a staircase to the Orcish Mines.
  6402 | D:10     | Noticed a hill giant
  6407 | D:10     | Killed a hill giant
  6407 | D:10     | Reached skill level 5 in Fighting
  6487 | D:10     | Noticed a centaur skeleton
  6493 | D:10     | Killed a centaur skeleton
  6861 | D:9      | Gained mutation: You are surrounded by a moderate repulsion field (EV +3). [demonic ancestry]
  6861 | D:9      | Reached XP level 10. HP: 41/71 MP: 9/9
  7712 | D:11     | Noticed a green ugly thing
  7829 | D:11     | Found a staircase to the Lair.
  8169 | D:11     | Noticed a five-headed hydra
  8209 | Lair:1   | Entered Level 1 of the Lair of Beasts
  8395 | Lair:1   | Reached skill level 10 in Fighting
  9862 | Lair:2   | Found a labyrinth entrance.
  9871 | Lab      | Entered a labyrinth
  9946 | Lab      | Gained mutation: You are surrounded by a strong repulsion field (EV +4, rMsl). [demonic ancestry]
  9946 | Lab      | Reached XP level 11. HP: 31/83 MP: 9/9
 10151 | Lab      | Noticed a minotaur
 10165 | Lab      | HP: 2/84 [minotaur/bardiche (29)]
 10165 | Lab      | Killed a minotaur
 10518 | Lair:2   | Reached skill level 12 in Fighting
 11517 | Lair:2   | Reached skill level 1 in Armour
 11595 | Lair:3   | Noticed nublet's ghost (journeyman DrTm)
 11606 | Lair:3   | Killed nublet's ghost
 12015 | Lair:3   | Noticed a six-headed hydra
 12029 | Lair:3   | Killed a six-headed hydra
 12052 | Lair:3   | Found a hole to the Spider Nest.
 12065 | Lair:3   | Reached skill level 5 in Dodging
 12739 | Lair:4   | Found a staircase to the Shoals.
 12818 | Lair:4   | Noticed a six-headed hydra
 12841 | Lair:4   | Killed a six-headed hydra
 12841 | Lair:4   | Reached skill level 5 in Armour
 13149 | Lair:4   | Gained mutation: You have very sharp fingernails. [demonic ancestry]
 13149 | Lair:4   | Reached XP level 12. HP: 63/92 MP: 10/10
 14445 | Lair:6   | Found a frozen archway.
 14458 | IceCv    | Entered an ice cave
 14463 | IceCv    | Noticed pedritolo's ghost (novice SpEn)
 14465 | IceCv    | Noticed pedritolo's ghost (novice SpEn)
 14467 | IceCv    | Killed pedritolo's ghost
 14474 | IceCv    | Killed pedritolo's ghost
 16163 | Lair:6   | Reached XP level 13. HP: 75/98 MP: 11/11
 16603 | Lair:6   | Gained mutation: You are covered in fur (AC +1). [potion of beneficial mutation]
 16604 | Lair:6   | Gained mutation: Your flesh is very heat resistant. [potion of beneficial mutation]
 16910 | Lair:7   | Reached skill level 1 in Unarmed Combat
 17119 | Lair:7   | Found a staircase to the Slime Pits.
 17440 | Lair:8   | Entered Level 8 of the Lair of Beasts
 17448 | Lair:8   | Reached skill level 10 in Dodging
 17519 | Lair:8   | Reached skill level 10 in Armour
 17873 | Lair:8   | Reached skill level 13 in Fighting
 18272 | Orc:1    | Entered Level 1 of the Orcish Mines
 18490 | Orc:1    | Noticed Snorg
 18498 | Orc:1    | Killed Snorg
 19262 | Orc:2    | Found a roughly hewn altar of Beogh.
 19387 | Orc:3    | Found a staircase to the Elven Halls.
 19446 | Orc:3    | Found a dark tunnel.
 19454 | Volcano  | Entered a volcano
 19596 | Volcano  | Gained mutation: You resist negative energy. [demonic ancestry]
 19596 | Volcano  | Reached XP level 14. HP: 103/106 MP: 12/12
 20432 | Orc:4    | Entered Level 4 of the Orcish Mines
 20535 | Orc:4    | Noticed an orc warlord
 20539 | Orc:4    | Found a roughly hewn altar of Beogh.
 20544 | Orc:4    | Killed an orc warlord
 20546 | Orc:4    | Noticed Nergalle
 20546 | Orc:4    | Found Hauli's Book Emporium.
 20563 | Orc:4    | Killed Nergalle
 20586 | Orc:4    | Found Ritog's General Store.
 20588 | Orc:4    | Found Boph's Antique Armour Emporium.
 20606 | Orc:4    | Found Imezuut's Antique Weapon Emporium.
 20727 | Orc:4    | Bought a scroll of identify for 26 gold pieces
 20727 | Orc:4    | Bought a scroll of identify for 26 gold pieces
 20727 | Orc:4    | Bought a potion of might for 52 gold pieces
 20727 | Orc:4    | Bought a scroll of enchant weapon for 97 gold pieces
 20767 | Orc:4    | Noticed Saint Roka
 20780 | Orc:4    | Killed Saint Roka
 20780 | Orc:4    | Reached skill level 5 in Unarmed Combat
 21098 | Orc:4    | Found a roughly hewn altar of Beogh.
 21209 | Orc:4    | Bought a bread ration for 65 gold pieces
 21209 | Orc:4    | Bought a beef jerky for 19 gold pieces
 21209 | Orc:4    | Bought a bread ration for 65 gold pieces
 21209 | Orc:4    | Bought a meat ration for 65 gold pieces
 21209 | Orc:4    | Bought a bread ration for 65 gold pieces
 21209 | Orc:4    | Bought 5 fruits for 97 gold pieces
 21209 | Orc:4    | Bought a meat ration for 65 gold pieces
 21209 | Orc:4    | Bought a meat ration for 65 gold pieces
 21209 | Orc:4    | Bought a meat ration for 65 gold pieces
 21209 | Orc:4    | Bought a beef jerky for 19 gold pieces
 21209 | Orc:4    | Bought a meat ration for 65 gold pieces
 21209 | Orc:4    | Bought a slice of pizza for 19 gold pieces
 21209 | Orc:4    | Bought 5 fruits for 97 gold pieces
 21209 | Orc:4    | Bought a meat ration for 65 gold pieces
 21213 | Orc:4    | Bought the +0 mask of the Dragon {MR+ Slay+3 SInv} for 501 gold pieces
 21602 | Lair:8   | HP: 5/107 [torpor snail (5)]
 21602 | Lair:8   | Mangled by a komodo dragon

Action                   |  1- 3 |  4- 6 |  7- 9 | 10-12 | 13-15 || total
-------------------------+-------+-------+-------+-------+-------++-------
Melee: War axe           |    99 |   116 |   312 |   815 |   494 ||  1836
       Unarmed           |       |       |       |    20 |       ||    20
Throw: Throwing net      |       |     3 |       |       |       ||     3
Invok: Potion Petition   |       |       |       |     1 |     1 ||     2
       Call Merchant     |       |       |       |       |     2 ||     2
 Abil: Spit Poison       |       |     2 |       |       |       ||     2
Evoke: Wand              |       |       |       |     1 |       ||     1
  Use: Scroll            |     4 |     2 |     2 |    25 |     8 ||    41
       Potion            |       |     3 |     1 |     2 |     6 ||    12
 Stab: Held in net/web   |       |     2 |       |       |       ||     2
       Distracted        |       |       |     2 |    10 |    13 ||    25
       Sleeping          |       |       |       |     1 |       ||     1
       Invisible         |       |       |       |     1 |       ||     1
  Eat: Chunk             |     3 |     6 |       |       |       ||     9
       Fruit             |       |       |     2 |     2 |    12 ||    16
       Beef jerky        |       |       |     2 |       |       ||     2
       Meat ration       |       |       |     1 |     2 |     3 ||     6
       Bread ration      |       |       |     5 |     4 |       ||     9
       Pizza             |       |       |     1 |       |       ||     1
